TOP OF THE 1ST |
Richmond Black Rifles batting - Pitching for Kansas City Stars : RHP Robert Bright
|
Pitching: RHP Robert Bright
|
|
Batting: RHB Milton Reed
|
0-0: Called Strike 0-1: Foul Ball, location: 2F 0-2: Ground out 6-3 (Groundball, 6, EV 85.6 MPH)
|
Batting: RHB Oliver Rider
|
0-0: Ball 1-0: Ball 2-0: SINGLE (Line Drive, 3D, EV 108.1 MPH)
|
Batting: LHB George Miles
|
0-0: Called Strike 0-1: Ball 1-1: Foul Ball, location: 2F 1-2: Ball 2-2: Fly out, F6 (Line Drive, 6MD, EV 71.3 MPH)
|
Batting: LHB Elliot Fennar
|
0-0: Ground out 4-3 (Groundball, 4, EV 64.4 MPH)
|
Top of the 1st over - 0 runs, 1 hit, 0 errors, 1 left on base; Richmond 0 - Kansas City 0 |
BOTTOM OF THE 1ST |
Kansas City Stars batting - Pitching for Richmond Black Rifles : LHP Fred Ross
|
Pitching: LHP Fred Ross
|
|
Batting: LHB Bus Tolliver
|
0-0: SINGLE (Line Drive, 5D, EV 104.4 MPH)
|
Batting: RHB Jesse Black
|
0-0: Foul Ball, location: 2F 0-1: Ball 1-1: Ball 2-1: Sac Bunt to 25 - play at first, batter safe! Bus Tolliver to second
|
Batting: SHB Martin Cottingham
|
0-0: Ball 1-0: Ball 2-0: Fly out, F4 (Popup, 4, EV 65.6 MPH)
|
Batting: SHB Clifford Boada
|
0-0: Ball Bus Tolliver steals 3rd base 1-0: Fly out, F9 (Line Drive, 9D, EV 110.6 MPH) Runner from 3rd tags up, SCORES, no throw by RF
|
Batting: RHB James Beal
|
0-0: Called Strike 0-1: Called Strike Jesse Black is caught stealing 2nd base 2-4
|
Bottom of the 1st over - 1 run, 2 hits, 0 errors, 0 left on base; Richmond 0 - Kansas City 1 |
TOP OF THE 2ND |
Richmond Black Rifles batting - Pitching for Kansas City Stars : RHP Robert Bright
|
Batting: RHB Henry Walker
|
0-0: SINGLE (Flyball, 7, EV 95.0 MPH)
|
Batting: RHB John Breaux
|
0-0: Called Strike Henry Walker is caught stealing 2nd base 2-4 0-1: Ball 1-1: Ground out 5-3 (Groundball, 5, EV 83.8 MPH)
|
Batting: RHB George Sublette
|
0-0: Ball 1-0: Swinging Strike 1-1: Foul Ball, location: 2F 1-2: Ball 2-2: Fly out, F7 (Flyball, 7LMF, EV 86.9 MPH)
|
Top of the 2nd over - 0 runs, 1 hit, 0 errors, 0 left on base; Richmond 0 - Kansas City 1 |
BOTTOM OF THE 2ND |
Kansas City Stars batting - Pitching for Richmond Black Rifles : LHP Fred Ross
|
Batting: RHB James Beal
|
0-0: Swinging Strike 0-1: Called Strike 0-2: Strikes out looking
|
Batting: RHB Bill Hairston
|
0-0: Called Strike 0-1: Ground out 4-3 (Groundball, 4, EV 86.3 MPH)
|
Batting: LHB Tank Moore
|
0-0: Called Strike 0-1: Ball 1-1: Ball 2-1: SINGLE (Groundball, 6MD, EV 98.1 MPH)
|
Batting: RHB Henry Leonard
|
0-0: Called Strike 0-1: Swinging Strike 0-2: Ball 1-2: Ball 2-2: Fielders Choice at 2nd, 5-4 (Groundball, 5, EV 86.9 MPH)
|
Bottom of the 2nd over - 0 runs, 1 hit, 0 errors, 1 left on base; Richmond 0 - Kansas City 1 |
TOP OF THE 3RD |
Richmond Black Rifles batting - Pitching for Kansas City Stars : RHP Robert Bright
|
Batting: SHB Sleeky Handy
|
0-0: Foul Ball, location: 2LF 0-1: Fly out, F8 (Flyball, 8RM, EV 92.5 MPH)
|
Batting: LHB Fred Ross
|
0-0: Ball 1-0: Ball 2-0: SINGLE (Groundball, 34D, EV 101.9 MPH)
|
Batting: RHB Milton Reed
|
0-0: Ball 1-0: Called Strike 1-1: Swinging Strike 1-2: Fielders Choice at 2nd, 5-4 (Groundball, 5, EV 84.4 MPH)
|
Batting: RHB Oliver Rider
|
0-0: Ball 1-0: Ball 2-0: Called Strike 2-1: Ball 3-1: Foul Ball, location: 2F 3-2: Foul Ball, location: 3F 3-2: Foul Ball, location: 2F 3-2: Foul Ball, location: 25F 3-2: Foul Ball, location: 2F 3-2: Ground out 6-3 (Groundball, 6, EV 80.0 MPH)
|
Top of the 3rd over - 0 runs, 1 hit, 0 errors, 1 left on base; Richmond 0 - Kansas City 1 |
BOTTOM OF THE 3RD |
Kansas City Stars batting - Pitching for Richmond Black Rifles : LHP Fred Ross
|
Batting: LHB Robert Bright
|
0-0: Ball 1-0: Fly out, F8 (Line Drive, 8LM, EV 101.3 MPH)
|
Batting: LHB Bus Tolliver
|
0-0: SINGLE (Groundball, 34D, EV 109.4 MPH)
|
Batting: RHB Jesse Black
|
0-0: Ball Bus Tolliver is caught stealing 2nd base 2-4 1-0: Foul Ball, location: 9LSF 1-1: DOUBLE (Line Drive, 9LS, EV 111.9 MPH)
|
Batting: SHB Martin Cottingham
|
0-0: Ball 1-0: Ground out 2-3 (Groundball, 2R, EV 65.0 MPH)
|
Bottom of the 3rd over - 0 runs, 2 hits, 0 errors, 1 left on base; Richmond 0 - Kansas City 1 |
TOP OF THE 4TH |
Richmond Black Rifles batting - Pitching for Kansas City Stars : RHP Robert Bright
|
Batting: LHB George Miles
|
0-0: Ball 1-0: Foul Ball, location: 7LMF 1-1: Ball 2-1: Called Strike 2-2: Strikes out swinging
|
Batting: LHB Elliot Fennar
|
0-0: Fly out, F8 (Flyball, 78M, EV 101.3 MPH)
|
Batting: RHB Henry Walker
|
0-0: Called Strike 0-1: Fly out, F9 (Flyball, 9S, EV 85.0 MPH)
|
Top of the 4th over - 0 runs, 0 hits, 0 errors, 0 left on base; Richmond 0 - Kansas City 1 |
BOTTOM OF THE 4TH |
Kansas City Stars batting - Pitching for Richmond Black Rifles : LHP Fred Ross
|
Batting: SHB Clifford Boada
|
0-0: Foul Ball, location: 25F 0-1: Swinging Strike 0-2: Ball 1-2: Ball 2-2: Ball 3-2: Foul Ball, location: 3F 3-2: Fly out, F4 (Popup, 23, EV 81.3 MPH)
|
Batting: RHB James Beal
|
0-0: Ball 1-0: Foul Ball, location: 9LDF 1-1: Ball 2-1: Ground out 4-3 (Groundball, 4D, EV 95.6 MPH)
|
Batting: RHB Bill Hairston
|
0-0: Ball 1-0: Called Strike 1-1: Foul Ball, location: 23FF 1-2: Ground out 5-3 (Groundball, 56S, EV 71.3 MPH)
|
Bottom of the 4th over - 0 runs, 0 hits, 0 errors, 0 left on base; Richmond 0 - Kansas City 1 |
TOP OF THE 5TH |
Richmond Black Rifles batting - Pitching for Kansas City Stars : RHP Robert Bright
|
Batting: RHB John Breaux
|
0-0: Fly out, F5 (Popup, 56, EV 64.4 MPH)
|
Batting: RHB George Sublette
|
0-0: Called Strike 0-1: Ball 1-1: Fly out, F8 (Line Drive, 8RS, EV 109.4 MPH)
|
Batting: SHB Sleeky Handy
|
0-0: Ball 1-0: Called Strike 1-1: Ball 2-1: Foul Ball, location: 2RF 2-2: Strikes out swinging
|
Top of the 5th over - 0 runs, 0 hits, 0 errors, 0 left on base; Richmond 0 - Kansas City 1 |
BOTTOM OF THE 5TH |
Kansas City Stars batting - Pitching for Richmond Black Rifles : LHP Fred Ross
|
Batting: LHB Tank Moore
|
0-0: Called Strike 0-1: Ball 1-1: Ground out U3 (Groundball, 34, EV 108.8 MPH)
|
Batting: RHB Henry Leonard
|
0-0: Ball 1-0: Ball 2-0: Ball 3-0: Called Strike 3-1: Swinging Strike 3-2: Fly out, F5 (Popup, 25F, EV 83.1 MPH)
|
Batting: LHB Robert Bright
|
0-0: Swinging Strike 0-1: Foul Ball, location: 2F 0-2: SINGLE (Line Drive, 8LS, EV 98.8 MPH)
|
Batting: LHB Bus Tolliver
|
0-0: Ball 1-0: Called Strike 1-1: Ground out 3-1 (Groundball, 34, EV 80.6 MPH)
|
Bottom of the 5th over - 0 runs, 1 hit, 0 errors, 1 left on base; Richmond 0 - Kansas City 1 |
TOP OF THE 6TH |
Richmond Black Rifles batting - Pitching for Kansas City Stars : RHP Robert Bright
|
Batting: LHB Fred Ross
|
0-0: SINGLE (Groundball, 4MD, EV 96.9 MPH)
|
Batting: RHB Milton Reed
|
0-0: Bunt - Flyout to 15S! F1
|
Batting: RHB Oliver Rider
|
0-0: Ball 1-0: Ball 2-0: DOUBLE (Flyball, 8RXD, EV 97.5 MPH) Fred Ross to third
|
Batting: LHB George Miles
|
0-0: Called Strike 0-1: Foul Ball, location: 2F 0-2: Ball 1-2: Fielders Choice at home, 4-2 (Groundball, 4, EV 81.9 MPH) Oliver Rider to third
|
Batting: LHB Elliot Fennar
|
0-0: Ball 1-0: Foul Ball, location: 2F 1-1: Ball 2-1: Fly out, F8 (Flyball, 8RD, EV 91.3 MPH)
|
Top of the 6th over - 0 runs, 2 hits, 0 errors, 2 left on base; Richmond 0 - Kansas City 1 |
BOTTOM OF THE 6TH |
Kansas City Stars batting - Pitching for Richmond Black Rifles : LHP Fred Ross
|
Batting: RHB Jesse Black
|
0-0: Swinging Strike 0-1: Ball 1-1: Swinging Strike 1-2: Foul Ball, location: 5FF 1-2: Foul Ball, location: 3F 1-2: Ball 2-2: Strikes out swinging
|
Batting: SHB Martin Cottingham
|
0-0: Foul Ball, location: 2F 0-1: Ball 1-1: Ball 2-1: Ball 3-1: Ground out U3 (Groundball, 3S, EV 75.6 MPH)
|
Batting: SHB Clifford Boada
|
0-0: Ball 1-0: Foul Ball, location: 9LDF 1-1: Swinging Strike 1-2: Foul Ball, location: 25F 1-2: SINGLE (Groundball, 4D, EV 95.0 MPH)
|
Batting: RHB James Beal
|
0-0: SINGLE (Line Drive, 34D, EV 103.8 MPH) Clifford Boada to second
|
Batting: RHB Bill Hairston
|
0-0: SINGLE (Line Drive, 89S, EV 103.1 MPH) Clifford Boada to third James Beal to second
|
Batting: LHB Tank Moore
|
0-0: Ball 1-0: Fielders Choice at 3rd, U5 (Groundball, 5L, EV 83.1 MPH)
|
Bottom of the 6th over - 0 runs, 3 hits, 0 errors, 2 left on base; Richmond 0 - Kansas City 1 |
TOP OF THE 7TH |
Richmond Black Rifles batting - Pitching for Kansas City Stars : RHP Robert Bright
|
Pinch Hitting: LHB Mutt Shields
|
0-0: Ball 1-0: Ball 2-0: Ball 3-0: Base on Balls
|
Batting: RHB John Breaux
|
0-0: Bunted foul 0-1: Sac Bunt to P - play at first, batter OUT! 1-3 Mutt Shields to second
|
Batting: RHB George Sublette
|
0-0: Ground out 1-3 (Groundball, 15S, EV 66.9 MPH)
|
Batting: SHB Sleeky Handy
|
0-0: Foul Ball, location: 2F 0-1: Ball 1-1: Ground out 5-3 (Groundball, 5, EV 97.5 MPH)
|
Top of the 7th over - 0 runs, 0 hits, 0 errors, 1 left on base; Richmond 0 - Kansas City 1 |
BOTTOM OF THE 7TH |
Kansas City Stars batting - Pitching for Richmond Black Rifles : LHP Fred Ross
|
Now in LF: McKinley Jordan
|
|
Batting: RHB Henry Leonard
|
0-0: Ball 1-0: Ground out 5-3 (Groundball, 5S, EV 83.8 MPH)
|
Batting: LHB Robert Bright
|
0-0: Called Strike 0-1: Ball 1-1: Called Strike 1-2: Strikes out swinging
|
Batting: LHB Bus Tolliver
|
0-0: Ground out 4-3 (Groundball, 4, EV 103.8 MPH)
|
Bottom of the 7th over - 0 runs, 0 hits, 0 errors, 0 left on base; Richmond 0 - Kansas City 1 |
TOP OF THE 8TH |
Richmond Black Rifles batting - Pitching for Kansas City Stars : RHP Robert Bright
|
Now at 1B: Saul Ware
|
|
Now in RF: James Beal
|
|
Batting: LHB Fred Ross
|
0-0: Foul Ball, location: 9LSF 0-1: Foul Ball, location: 2F 0-2: Ball 1-2: Ground out U3 (Groundball, 3L, EV 85.6 MPH)
|
Batting: RHB Milton Reed
|
0-0: Ball 1-0: Foul Ball, location: 9LSF 1-1: Ball 2-1: Ball 3-1: Ground out U3 (Groundball, 34, EV 110.0 MPH)
|
Batting: RHB Oliver Rider
|
0-0: Ground out 6-3 (Groundball, 56, EV 83.1 MPH)
|
Top of the 8th over - 0 runs, 0 hits, 0 errors, 0 left on base; Richmond 0 - Kansas City 1 |
BOTTOM OF THE 8TH |
Kansas City Stars batting - Pitching for Richmond Black Rifles : LHP Fred Ross
|
Batting: RHB Jesse Black
|
0-0: Called Strike 0-1: Ball 1-1: Foul Ball, location: 2F 1-2: Fly out, F8 (Flyball, 8LM, EV 91.3 MPH)
|
Batting: RHB Saul Ware
|
0-0: Ball 1-0: Ball 2-0: Ground out 5-3 (Groundball, 56, EV 84.4 MPH)
|
Batting: SHB Clifford Boada
|
0-0: Called Strike 0-1: Ball 1-1: Ball 2-1: Ground out U3 (Groundball, 34S, EV 71.9 MPH)
|
Bottom of the 8th over - 0 runs, 0 hits, 0 errors, 0 left on base; Richmond 0 - Kansas City 1 |
TOP OF THE 9TH |
Richmond Black Rifles batting - Pitching for Kansas City Stars : RHP Robert Bright
|
Now in LF: Curtis Williams
|
|
Batting: LHB George Miles
|
0-0: Ball 1-0: Called Strike 1-1: Ball 2-1: Fly out, F6 (Line Drive, 6, EV 69.4 MPH)
|
Batting: LHB Elliot Fennar
|
0-0: Ball 1-0: Swinging Strike 1-1: Called Strike 1-2: Ball 2-2: Fly out, F8 (Flyball, 8RD, EV 110.6 MPH)
|
Batting: RHB McKinley Jordan
|
0-0: Ball 1-0: Foul Ball, location: 9LSF 1-1: Ball 2-1: Called Strike 2-2: Ball 3-2: Foul Ball, location: 2F 3-2: Fly out, F8 (Flyball, 8RM, EV 86.3 MPH)
|
Top of the 9th over - 0 runs, 0 hits, 0 errors, 0 left on base; Richmond 0 - Kansas City 1 |
|